 Dungeon Crawl Stone Soup version 0.31-a0-876-gfe8ebadbca (webtiles) character file.

Game seed: 17267903593599385102

2583 kae the Mimic (level 9, -1/60 (61) HPs)
             Began as a Demigod Shapeshifter on Oct 13, 2023.
             Succumbed to a killer bee's poison
             ... on level 7 of the Dungeon.
             The game lasted 00:09:00 (7527 turns).

kae the Mimic (Demigod Shapeshifter)                Turns: 7527, Time: 00:09:00

HP:   -1/60 (61)    AC:  2    Str: 12 (15) XL:     9   Next: 11%
MP:   11/11         EV: 12    Int: 10 (12) God:
Gold: 174           SH:  0    Dex: 22 (25) Spells: 8/8 levels left

rFire   . .          .
                       - Unarmed
rCold   . . .        (shield currently unavailable)
rNeg    . . .        a - +1 animal skin
rPois   .            A - +0 helmet
rElec   .            (no cloak)
rCorr   .            (gloves currently unavailable)
SInv    .            (no boots)
Will    .....        (no amulet)
Stlth   ++           (no ring)
HPRegen 0.30/turn    (no ring)
MPRegen 0.12/turn

%: no passive effects
@: mighty, lethally poisoned (-1 -> -5), blade hands, attractive, lightly
drained
A: reduced hp, high MP 1, forlorn, divine attributes
a: Begin Untransformation


You were on level 7 of the Dungeon.
You had blades for hands.
You visited 1 branch of the dungeon, and saw 7 of its levels.

You collected 290 gold pieces.
You spent 116 gold pieces at shops.


Innate Abilities, Weirdness & Mutations

You have blades for hands.
Your maximum health is decreased, since you lack skill for your form.
You are incapable of wielding weapons or throwing items.
You have an increased reservoir of magic. (+10% MP)
You shall have no god before yourself.
Your divine heritage dramatically boosts your attributes as you level up.


   Skills:
 - Level 0.8 Fighting
 - Level 1.7 Dodging
 + Level 6.2 Unarmed Combat
 * Level 9.8 Shapeshifting


You had 8 spell levels left.
You didn't know any spells.
Your spell library contained the following spells:

 Spells                   Type           Power      Damage    Failure   Level
 Freeze                   Ice            0%         1d3       36%         1
 Kiss of Death            Conj/Necr      0%         2d5       36%         1
 Slow                     Hex            0%         N/A       36%         1
 Scorch                   Fire           0%         2d5       50%         2
 Static Discharge         Conj/Air       0%         2-2/arc   50%         2
 Confusing Touch          Hex            0%         N/A       75%         3
 Frozen Ramparts          Ice            0%         1d1       75%         3
 Hailstorm                Conj/Ice       0%         3d3       75%         3
 Sigil of Binding         Hex            0%         N/A       75%         3
 Vampiric Draining        Necr           0%         2d6       75%         3
 Airstrike                Air            0%         2d(0-16)  98%         4
 Flame Wave               Conj/Fire      0%         2d4       98%         4
 Summon Ice Beast         Ice/Summ       0%         N/A       98%         4
 Summon Lightning Spire   Summ/Air       0%         N/A       98%         4
 Irradiate                Conj/Tmut      0%         3d11      100%        5
 Iskenderun's Battlesphe  Conj           0%         2d6       100%        5
 Summon Mana Viper        Hex/Summ       0%         N/A       100%        5
 Summon Cactus Giant      Summ           0%         N/A       100%        6
 Monstrous Menagerie      Summ           0%         N/A       100%        7

Inventory:

Missiles
 b - 6 boomerangs
 e - 70 stones
 t - 10 poisoned darts
 v - a throwing net {=f!f}
Armour
 a - a +1 animal skin (worn)
 A - a +0 helmet (worn)
   (You found it on level 5 of the Dungeon)
Magical Staves
 m - a staff of air {!a}
   (You found it on level 1 of the Dungeon)
 y - a staff of fire {!a}
   (You took it off an orc on level 5 of the Dungeon)
Jewellery
 F - a ring of willpower
   (You found it on level 7 of the Dungeon)
Talismans
 c - a beast talisman
 d - a flux talisman
 x - a blade talisman (active)
   (You found it on level 7 of the Dungeon)
Wands
 G - a wand of flame (17)
   (You found it on level 7 of the Dungeon)
Scrolls
 f - 2 scrolls of enchant weapon {unknown}
 g - a scroll of butterflies
 h - a scroll of poison {unknown}
 j - 2 scrolls of blinking {unknown}
 k - 2 scrolls of amnesia
 l - a scroll of silence {unknown}
 o - 2 scrolls of identify {@r1}
 q - a scroll of torment {unknown}
 s - a scroll of noise {!r}
 z - a scroll of immolation {!r!r}
 C - a scroll of teleportation {@r4}
 D - a scroll of revelation
Potions
 i - a potion of mutation {!q}
 n - a potion of brilliance
 p - a potion of degeneration {!q}
 r - 2 potions of enlightenment
 u - a potion of resistance
 w - a potion of might

Dungeon Overview and Level Annotations

Branches:
Dungeon (7/15) Zot: 26848
 Temple: D:4-7

Shops:
D:2 * D:6

( .#########....#
..............#...###
..............#.....
......).......#....
..............#...
..............#..#
##########'##....#..#
.......†....#....#..#
...?..†@....#....'..#
............#....#..#
............#....####..
#########...#...........
........#...#...........
........#...#........###
........+...#........#
........###+#........#
#..........##+###


There were no monsters in sight!


Message History

😮 HP[+1]
You miss the killer bee. The killer bee stings you.
You are poisoned.
The killer bee poisons you! The killer bee closely misses you.
The killer bee stings you.
You are more poisoned.
The killer bee poisons you! The killer bee stings you. 😮 HP[-6]
You take 6 damage, and now have 37/58 hp.
Unknown command.
You miss the killer bee.
You feel very sick. The killer bee closely misses you.
The killer bee misses you. The killer bee stings you.
* * * LOW HITPOINT WARNING * * *
The killer bee closely misses you. 😨 HP[-8]
You take 8 damage, and now have 29/58 hp.
Unknown command.
You slash the killer bee!
You feel sick. The killer bee closely misses you. The killer bee stings you!
* * * LOW HITPOINT WARNING * * *
The killer bee stings you.
* * * LOW HITPOINT WARNING * * *
You are lethally poisoned!
The killer bee poisons you!
The killer bee closely misses you. 😨 HP[-13]
You take 13 damage, and now have 16/58 hp.
MASSIVE DAMAGE!! (PAUSE)
You slice the killer bee!!
You kill the killer bee!
* * * LOW HITPOINT WARNING * * *
You feel very sick. The killer bee stings you.
* * * LOW HITPOINT WARNING * * *
😱 HP[-4]
You now have 59 max hp (+1).
You take 4 damage, and now have 12/59 hp.
Unknown command.
You slice the killer bee!!
You kill the killer bee!
* * * LOW HITPOINT WARNING * * *
You feel very sick. 😱 HP[-4]
You now have 60 max hp (+1).
You take 4 damage, and now have 8/60 hp.
There is a lethal amount of poison in your body!
There is a lethal amount of poison in your body!
Okay, then.
Unknown command.
Unknown command.
Okay, then.
Unknown command.
It was a potion of might.
You feel very mighty all of a sudden.
* * * LOW HITPOINT WARNING * * *
You feel very sick. 😱 HP[-3]
You take 3 damage, and now have 5/60 hp.
It was a potion of degeneration.
There was something very wrong with that liquid.
You feel weakened.
You feel dopey.
You feel clumsy.
* * * LOW HITPOINT WARNING * * *
You feel sick. 😱 HP[-1]
You take 1 damage, and now have 4/60 hp.
It was a potion of magic.
Magic courses through your body.
* * * LOW HITPOINT WARNING * * *
You feel sick. 😱 HP[-2]
You take 2 damage, and now have 2/60 hp.
It was a potion of attraction.
You feel attractive to monsters.
* * * LOW HITPOINT WARNING * * *
You feel sick. 😱 HP[-1]
You take 1 damage, and now have 1/60 hp.
Unknown command.
Okay, then.
Unknown command.
Okay, then.
There is a lethal amount of poison in your body!
There is a lethal amount of poison in your body!
Okay, then.
Unknown command.
Okay, then.
Okay, then.
Okay, then.
Okay, then.
Are you sure you want to abandon this character and quit the game? (Confirm with "yes".)
Okay, then.
Unknown command.
There is a lethal amount of poison in your body!
There is a lethal amount of poison in your body!
There is a lethal amount of poison in your body!
There is a lethal amount of poison in your body!
There is a lethal amount of poison in your body!
Okay, then.
There is a lethal amount of poison in your body!
You die...

Skill      XL: |  1  2  3  4  5  6  7  8 |
---------------+-------------------------+-----
Shapeshifting  | 3 4 5 6 8 9 |  9.8
Unarmed Combat | 3 4 6 |  6.2
Fighting       | |  0.8
Dodging        | |  1.7

Action                     |  1- 3 |  4- 6 |  7- 9 || total
---------------------------+-------+-------+-------++-------
  Melee: Unarmed           |   154 |   149 |   222 ||   525
         Punch             |     1 |     4 |       ||     5
    Use: Scroll            |     2 |     9 |     5 ||    16
         Potion            |       |     3 |     4 ||     7
   Stab: Sleeping          |     3 |     3 |     1 ||     7
 Armour: Animal skin       |    86 |    99 |   143 ||   328
         Skin              |       |    12 |       ||    12
  Dodge: Dodged            |   106 |    82 |   154 ||   342
   Form: Flux              |       |     1 |       ||     1
                           |       |       |     1 ||     1
         Blade             |       |       |     1 ||     1

Levels and vault maps discovered:
D:1:      dpeg_cavernosity, layout_basic, minmay_nonomino_d4
D:2:      layout_basic, serial_shops, shop,
          shapermc_ecumenical_altar_mp_urbaneastern, basic_altar, minmay_vboxes
D:3:      layout_basic
D:4:      old_forge, layout_basic, fedhas_altar_4, grunt_temple_overflow_open,
          kennysheep_minor_cross
D:5:      layout_basic, mainiacjoe_overflow_boulevard, roderic_batcave,
          uniq_pikel
D:6:      layout_basic, elyvilon_altar_1, nicolae_stop_n_shop_2,
          chequers_serial_rivers_room_b
D:7:      layout_gridville, zin_scriptorium, grunt_dithmenos_smoke_and_mirrors,
          minmay_temple_entry_trees, serial_shops, shop

Notes
Turn   | Place    | Note
-------+----------+-------------------------------------------
     0 | D:1      | kae the Demigod Shapeshifter began the quest for the Orb.
     0 | D:1      | Reached XP level 1. HP: 15/15 MP: 3/3
     0 | D:1      | magus.rc [v1.11.3]
   289 | D:1      | Reached skill level 3 in Shapeshifting
   295 | D:1      | You pick up a book of Debilitation and begin reading...
   295 | D:1      | You add the spells Slow, Sigil of Binding, Vampiric
                  | Draining and Confusing Touch to your library.
   314 | D:1      | HP: 3/15 [frozen (3)]
   481 | D:1      | Reached XP level 2. HP: 19/22 MP: 4/4
   578 | D:1      | HP: 5/22 [dart slug/slug dart (6)]
   584 | D:1      | HP: 3/22 [goblin/+0 club (1)]
  1072 | D:2      | Reached XP level 3. HP: 24/27 MP: 5/5
  1137 | D:2      | Identified the +7 dagger "Ylamisil" {freeze, Fragile rPois
                  | Str+3}
  1193 | D:2      | You fall into a shaft and drop 2 floors!
  1212 | D:3      | Reached skill level 4 in Shapeshifting
  1828 | D:2      | Reached XP level 4. HP: 34/34 MP: 6/6
  1833 | D:2      | You add the spells Kiss of Death, Static Discharge,
                  | Irradiate and Iskenderun's Battlesphere to your library.
  1833 | D:2      | Got a levitating book
  1951 | D:2      | Found Xupt's Assorted Antiques.
  1959 | D:2      | Bought a scroll labelled GUNENAASAI for 29 gold pieces
  1959 | D:2      | Bought a scroll labelled ISAM OMEFICHA for 29 gold pieces
  1959 | D:2      | Bought a scroll labelled KUFOEKHOEFE for 29 gold pieces
  1959 | D:2      | Bought a scroll labelled KUFOEKHOEFE for 29 gold pieces
  2958 | D:4      | Reached skill level 5 in Shapeshifting
  2958 | D:4      | Reached XP level 5. HP: 39/39 MP: 7/7
  3039 | D:4      | HP: 7/39 [phantom (3)]
  3202 | D:4      | You pick up a book of Scorching and begin reading...
  3202 | D:4      | You add the spells Scorch, Flame Wave and Summon Cactus
                  | Giant to your library.
  3208 | D:4      | You pick up a book of Frost and begin reading...
  3208 | D:4      | You add the spells Freeze, Frozen Ramparts and Hailstorm to
                  | your library.
  3378 | D:4      | Reached XP level 6. HP: 40/46 MP: 8/8
  3486 | D:4      | Reached skill level 6 in Shapeshifting
  3646 | D:4      | HP: 10/46 [poisoned by a scorpion]
  3646 | D:4      | HP: 4/46 [scorpion (6)]
  3647 | D:4      | HP: 1/46 [poisoned by a scorpion]
  3981 | D:4      | Reached skill level 3 in Unarmed Combat
  4379 | D:4      | HP: 11/45 [poisoned by an adder]
  4381 | D:4      | Reached XP level 7. HP: 9/51 MP: 9/9
  4383 | D:4      | HP: 5/50 [poisoned by an adder]
  4386 | D:4      | HP: 2/50 [poisoned by an adder]
  4635 | D:4      | Reached skill level 7 in Shapeshifting
  4717 | D:5      | Entered Level 5 of the Dungeon
  4875 | D:5      | Noticed Pikel
  4900 | D:4      | Killed Pikel
  4901 | D:4      | Reached skill level 4 in Unarmed Combat
  4901 | D:4      | Reached skill level 8 in Shapeshifting
  4901 | D:4      | Reached XP level 8. HP: 43/58 MP: 10/10
  5275 | D:5      | Reached skill level 5 in Unarmed Combat
  5998 | D:6      | You pick up a book of Beasts and begin reading...
  5998 | D:6      | You add the spells Summon Ice Beast, Summon Mana Viper and
                  | Monstrous Menagerie to your library.
  6123 | D:6      | You pick up a book of Storms and begin reading...
  6123 | D:6      | You add the spells Airstrike and Summon Lightning Spire to
                  | your library.
  6172 | D:6      | Reached skill level 9 in Shapeshifting
  6660 | D:6      | Found Itocovor's Antique Weapon Boutique.
  7097 | D:5      | Reached skill level 6 in Unarmed Combat
  7211 | D:6      | Reached XP level 9. HP: 34/56 MP: 11/11
  7521 | D:7      | HP: 13/58 [poisoned by a killer bee]
  7523 | D:7      | HP: 5/60 [poisoned by a killer bee]
  7525 | D:7      | HP: 2/60 [poisoned by a killer bee]
  7527 | D:7      | Succumbed to a killer bee's poison

Vanquished Creatures
  Pikel (D:4)
  2 ice beasts (D:6)
  A black bear (D:4)
  2 ogres
  A centaur (D:6)
  2 phantoms
  A lemure (D:5)
  8 scorpions
  4 wights
  4 killer bees (D:7)
  2 jellies (D:6)
  An orc priest (D:4)
  4 hounds
  3 iguanas (D:5)
  3 orc wizards
  12 adders
  2 dart slugs
  20 orcs
  4 ball pythons
  8 endoplasms
  2 giant cockroaches (D:2)
  6 goblins
  5 hobgoblins
  4 jackals (D:2)
  5 quokkas
  22 bats
  8 frilled lizards
  3 kobolds
  3 rats
143 creatures vanquished.

Table legend:
 A = Non-vault XP
 B = Vault XP
 C = Vault XP percentage of total XP
 D = Non-vault monster count
 E = Vault monster count
 F = Vault count percentage of total count
                 A         B        C        D         E       F
            +---------+---------+-------+---------+---------+-------
      Total |    2425 |    1265 |  34.3 |     106 |      36 |  25.4
            +---------+---------+-------+---------+---------+-------
        D:1 |      19 |      15 |  44.1 |      12 |       9 |  42.9
        D:2 |      64 |       8 |  11.1 |      21 |       4 |  16.0
        D:3 |      54 |       0 |   0.0 |      17 |       0 |   0.0
        D:4 |     404 |    1228 |  75.2 |      15 |      14 |  48.3
        D:5 |     534 |      14 |   2.6 |      20 |       9 |  31.0
        D:6 |    1094 |       0 |   0.0 |      17 |       0 |   0.0
        D:7 |     256 |       0 |   0.0 |       4 |       0 |   0.0
            +---------+---------+-------+---------+---------+-------

Skill      XL: |  1  2  3  4  5  6  7  8 |
---------------+-------------------------+-----
Shapeshifting  | 3 4 5 6 8 9 |  9.8
Unarmed Combat | 3 4 6 |  6.2
Fighting       | |  0.8
Dodging        | |  1.7

Action                     |  1- 3 |  4- 6 |  7- 9 || total
---------------------------+-------+-------+-------++-------
  Melee: Unarmed           |   154 |   149 |   222 ||   525
         Punch             |     1 |     4 |       ||     5
    Use: Scroll            |     2 |     9 |     5 ||    16
         Potion            |       |     3 |     4 ||     7
   Stab: Sleeping          |     3 |     3 |     1 ||     7
 Armour: Animal skin       |    86 |    99 |   143 ||   328
         Skin              |       |    12 |       ||    12
  Dodge: Dodged            |   106 |    82 |   154 ||   342
   Form: Flux              |       |     1 |       ||     1
                           |       |       |     1 ||     1
         Blade             |       |       |     1 ||     1

Illustrated notes

Table legend:
 A = Kills in this place as a percentage of kills in the entire game.
 B = Kills by you in this place as a percentage of kills by you in the entire game.
 C = Kills by friends in this place as a percentage of kills by friends in the entire game.
 D = Other kills in this place as a percentage of other kills in the entire game.
 E = Experience gained in this place as a percentage of experience gained in the entire game.
 F = Experience gained in this place divided by the number of levels of this place that you have seen.
                   A       B       C       D       E      F
               +-------+-------+-------+-------+-------+----------------------
         Total | 100.0 | 100.0 |   N/A |   N/A | 100.0 | 527.1
       Dungeon | 100.0 | 100.0 |   N/A |   N/A | 100.0 | 527.1
               +-------+-------+-------+-------+-------+----------------------

Table legend: (Time is in decaauts)
 A = Elapsed time spent in this place.
 B = Non-inter-level travel time spent in this place.
 C = Inter-level travel time spent in this place.
 D = Time resting spent in this place.
 E = Time spent auto-exploring this place.
 F = Levels seen in this place.
 G = Mean time per level.
                   A        B        C        D        E       F      G
               +--------+--------+--------+--------+--------+-----+--------+
         Total |   7498 |   7210 |    288 |   1391 |   4668 |   7 | 1071.1 |
       Dungeon |   7498 |   7210 |    288 |   1391 |   4668 |   7 | 1071.1 |
               +--------+--------+--------+--------+--------+-----+--------+

Top non-repeatable levels by time:
     D:4: 2038 daAuts
     D:6: 1320 daAuts
     D:5: 1177 daAuts
     D:3: 964 daAuts
     D:1: 960 daAuts
     D:2: 927 daAuts
     D:7: 108 daAuts
